Description

2-1-1 into 2port bc TY vs Serral

Replay - Serral v YoutubeTY - Submarine LE

Build Order

Get SALT Encoding   

  12  0:00  SCV  
  13  0:12  SCV  
  14  0:16  Supply Depot  
  14  0:24  SCV  
  15  0:38  SCV  
  15  0:42  Barracks  
  16  0:43  Refinery  
  16  0:50  SCV  
  17  1:02  SCV  
  18  1:14  SCV  
  19  1:29  Reaper  
  19  1:30  Orbital Command  
  20  1:38  Command Center  
  20  1:52  Supply Depot  
  20  1:55  SCV  
  21  2:01  Barracks Reactor  
  21  2:05  Barracks  
  21  2:08  SCV  
  22  2:20  SCV  
  23  2:24  Factory  
  23  2:36  Refinery  
  24  2:38  Marine x2  
  26  2:50  Orbital Command  
  27  2:54  Barracks Tech Lab  
  27  2:56  Marine x2  
  30  3:13  Marine x3  
  30  3:16  Stimpack  
  34  3:25  Starport  
  36  3:36  Factory Reactor  
  36  3:37  Marine x3  
  40  3:47  Supply Depot  
  47  4:10  Supply Depot  
  47  4:16  Medivac x2  
  51  4:19  Widow Mine  
  51  4:22  Refinery x2  
  54  4:26  Supply Depot  
  63  4:59  Starport  
  62  5:02  Hellion x2  
  70  5:14  Bunker  
  70  5:17  Starport Tech Lab  
  72  5:39  Fusion Core  
  72  5:45  Factory Tech Lab  
  79  5:58  Command Center  
  76  6:07  Siege Tank  
  76  6:27  Battlecruiser x2  
  91  6:35  Engineering Bay x2  
  91  6:39  Weapon Refit  
  91  6:44  Siege Tank  
  98  7:05  Barracks Tech Lab  
  100  7:10  Orbital Command  
  100  7:13  Barracks  
  99  7:28  Orbital Command  
  101  7:31  Battlecruiser  
  92  8:06  Siege Tank  
Spawning Tool Build Advisor. Get it on Overwolf

Go to:

Details

  • Created by: matthewpiatetsky
  • Published on: Aug 20, 2020
  • Modified on: Aug 20, 2020
  • Patch: 4.11.0
  • Difficulty: Medium
Show
View Real Time Build Order
Export as new Build Order

Comments (0)

There are no comments. Be the first!

Create an account to comment!